 Dungeon Crawl Stone Soup version 0.19-a0-1291-gc8f5409 (webtiles) character file.

9511 Ellandar the Carver (level 11, -5/142 HPs)
             Began as a Minotaur Berserker on Aug 30, 2016.
             Was a High Priest of Trog.
             Slain by a white ugly thing (26 damage)
             ... on level 11 of the Dungeon.
             The game lasted 00:41:03 (9865 turns).

Ellandar the Carver (Minotaur Berserker)            Turns: 9865, Time: 00:41:04

Health: -5/142     AC: 21    Str: 29    XL:     11   Next: 24%
Magic:  10/10      EV: 11    Int:  4    God:    Trog [*****.]
Gold:   377        SH: 12    Dex: 16    Spells: 0 memorised, 10 levels left

rFire  . . .     SeeInvis .     x - +0 falchion (flame)
rCold  . . .     Gourm    .     J - +0 plate armour
rNeg   . . .     Faith    .     p - +0 shield
rPois  +         Spirit   .     o - +2 hat
rElec  .         Dismiss  .     y - +0 cloak
rCorr  +         Reflect  .     i - +0 pair of gloves
MR     .....     Harm     .     j - +2 pair of boots
Stlth  ..........               (no amulet)
                                C - +3 ring of dexterity
                                H - ring "Winem" {rCorr rPois Dex+2 Stlth+}

@: berserking, drained, very quick
A: retaliatory headbutt, horns 2
a: Berserk, Trog's Hand, Brothers in Arms, Burn Spellbooks, Renounce Religion


You were on level 11 of the Dungeon.
You worshipped Trog.
Trog was extremely pleased with you.
You were hungry.

You visited 1 branch of the dungeon, and saw 11 of its levels.
You also visited: Sewer.

You collected 585 gold pieces.
You spent 208 gold pieces at shops.

Inventory:

Hand Weapons
 a - a +0 falchion
 x - a +0 falchion of flaming (weapon)
Missiles
 F - 5 javelins of returning (quivered)
Armour
 i - a +0 pair of gloves (worn)
 j - a +2 pair of boots (worn)
 o - a +2 hat (worn)
 p - a +0 shield (worn)
 y - a +0 cloak (worn)
 J - a +0 plate armour (worn)
Jewellery
 k - an uncursed ring of wizardry
 v - an uncursed amulet of inaccuracy
 A - an uncursed ring of ice
 C - a +3 ring of dexterity (right hand)
 G - an uncursed ring of teleportation
 H - the ring "Winem" (left hand) {rCorr rPois Dex+2 Stlth+}
   (You found it on level 5 of the Dungeon)

   [ring of resist corrosion]

   It affects your dexterity (+2).
   It protects you from poison.
   It makes you more stealthy.
 N - an uncursed amulet of harm
 R - an uncursed ring of positive energy
 V - an uncursed ring of flight
Wands
 K - a wand of polymorph (12/24)
 L - a wand of polymorph (10/24)
Scrolls
 d - 7 scrolls of identify
 f - 5 scrolls of magic mapping
 g - 2 scrolls of amnesia
 l - 3 scrolls of remove curse
 n - 2 scrolls of enchant weapon {unknown}
 s - a scroll of fog
 u - 8 scrolls of teleportation
 D - 2 scrolls of acquirement {unknown}
 P - a scroll of enchant armour {unknown}
 T - a scroll of torment {unknown}
Potions
 b - 4 potions of cancellation {unknown}
 e - 5 potions of degeneration {unknown}
 h - 2 potions of lignification
 r - 2 potions of heal wounds {unknown}
 t - 2 potions of might {unknown}
 w - a potion of haste {unknown}
 z - a potion of magic {unknown}
 B - 2 potions of berserk rage {unknown}
 E - a potion of beneficial mutation {unknown}
 I - 2 potions of brilliance {unknown}
 M - a potion of agility {unknown}
 O - a potion of curing {unknown}
 S - 2 potions of mutation {unknown}
Comestibles
 c - 4 bread rations
 m - 4 meat rations
 q - 7 royal jellies
 Q - 4 fruits
 U - 2 beef jerkies
 W - 6 chunks of flesh


   Skills:
 + Level 8.5(8.4) Fighting
 * Level 13.8(13.6) Long Blades
 + Level 8.5(8.3) Armour
 + Level 7.6(7.5) Dodging
 + Level 8.1(8.0) Shields


You had 10 spell levels left.
You didn't know any spells.

Dungeon Overview and Level Annotations

Branches:
Dungeon (11/15)            Temple (0/1) D:7            Lair (0/6) D:8
    Orc: D:9-12

Altars:
Dithmenos
Xom

Shops:
D:4 *   D:5 *   D:9 =[%:?


Innate Abilities, Weirdness & Mutations

You reflexively headbutt those who attack you in melee.
You have a pair of horns on your head.


Message History

The white ugly thing is lightly wounded.
The white ugly thing claws you. The white ugly thing freezes you!!
Your plate armour prevents you from hitting the white ugly thing.
Your headbutt misses the white ugly thing.
The white ugly thing is lightly wounded.
The white ugly thing claws you! The white ugly thing freezes you!!
* * * LOW HITPOINT WARNING * * *
You are too injured to fight recklessly!
You are too injured to fight recklessly!
You are too injured to fight recklessly!
Okay, then.
A red film seems to cover your vision as you go berserk!
You feel yourself moving faster!
You feel mighty!
You are feeling hungry.
The hippogriff bites you but does no damage.
You block the hippogriff's attack. The hippogriff closely misses you.
The white ugly thing claws you.
* * * LOW HITPOINT WARNING * * *
The white ugly thing freezes you!!
You die...

###....#
....##...#
#... #...#
#...##..#
#.. #..#
#...#..#
####..##.#
......u#.#
.....oH@.#
########.#
.... ###.#
.# . . ..


You could see a white ugly thing, a hippogriff and an orc.

Vanquished Creatures
  An unseen horror (D:10)
  An ugly thing (D:11)
  The ghost of Lasiace the Skirmisher, a novice OpIE of Cheibriados (D:5)
  A centaur zombie (D:10)
  A komodo dragon (D:8)
  A queen bee (D:8)
  2 two-headed ogres (D:9)
  A troll (D:10)
  Eustachio (D:6)
  A wraith (D:11)
  4 yaks (D:10)
  A hippogriff (D:9)
  A steam dragon (D:10)
  Edmund (D:4)
  A mottled dragon (D:11)
  A water moccasin (D:7)
  A sky beast (D:9)
  An orc warrior (D:7)
  4 ice beasts
  2 phantoms
  A necrophage (D:10)
  A black bear (D:6)
  An eye of draining (D:9)
  2 centaurs
  9 ogres
  6 giant frogs
  A gnoll sergeant (D:9)
  4 scorpions
  19 killer bees
  3 wights (D:8)
  4 howler monkeys
  4 crimson imps
  2 jellies
  A giant frog skeleton (D:6)
  3 centaur skeletons
  7 hounds
  4 orc priests
  4 orc wizards
  3 iguanas
  6 worker ants
  A hound zombie (D:9)
  3 hound skeletons
  2 worker ant zombies
  7 gnolls (D:9)
  13 adders
  A howler monkey skeleton (D:9)
  4 river rats
  A shadow imp (D:5)
  An ooze (D:1)
  2 adder skeletons
  An adder zombie (D:8)
  A worm (D:2)
  4 giant geckos
  28 orcs
  10 giant cockroaches
  4 goblins
  2 hobgoblins
  7 jackals
  3 kobolds
  4 quokkas
  9 ball pythons
  2 bats (D:2)
  10 giant newts
  A quokka skeleton (D:4)
  14 rats
248 creatures vanquished.

Vanquished Creatures (others)
  16 plants (D:8)
16 creatures vanquished.

Grand Total: 264 creatures vanquished

Notes
Turn   | Place    | Note
-------+----------+-------------------------------------------
     0 | D:1      | Ellandar the Minotaur Berserker began the quest for the Orb.
     0 | D:1      | Reached XP level 1. HP: 19/19 MP: 0/0
   114 | D:1      | Reached skill level 4 in Long Blades
   439 | D:1      | Reached XP level 2. HP: 26/26 MP: 1/1
  1298 | D:2      | Reached skill level 5 in Long Blades
  1558 | D:3      | Reached XP level 3. HP: 21/31 MP: 2/2
  1972 | D:3      | Reached skill level 6 in Long Blades
  1972 | D:3      | Reached XP level 4. HP: 39/39 MP: 3/3
  2017 | D:3      | Reached ** piety under Trog
  2238 | D:3      | Reached XP level 5. HP: 14/45 MP: 4/4
  2516 | D:3      | Reached skill level 7 in Long Blades
  2979 | D:4      | Noticed Edmund
  2990 | D:4      | Killed Edmund
  2990 | D:4      | Reached skill level 8 in Long Blades
  2990 | D:4      | Reached XP level 6. HP: 51/51 MP: 5/5
  3272 | D:4      | Found a glowing drain.
  3337 | Sewer    | Entered a sewer
  3344 | Sewer    | Reached *** piety under Trog
  3411 | Sewer    | Reached skill level 1 in Shields
  3956 | D:4      | Found Dourarif's Serpentskin Sales.
  3964 | D:4      | Bought a +0 chain mail of poison resistance for 110 gold pieces
  4056 | D:4      | Reached skill level 9 in Long Blades
  4056 | D:4      | Reached XP level 7. HP: 40/58 MP: 6/6
  4156 | D:5      | Entered Level 5 of the Dungeon
  4170 | D:5      | Noticed Lasiace's ghost (novice OpIE)
  4182 | D:5      | Killed Lasiace's ghost
  4182 | D:5      | Received a gift from Trog
  4182 | D:5      | Reached XP level 8. HP: 67/67 MP: 7/7
  4289 | D:5      | Reached skill level 5 in Fighting
  4316 | D:5      | Found Cuow's General Store.
  4331 | D:5      | Reached skill level 10 in Long Blades
  4346 | D:5      | Got a scorched lapis lazuli ring
  4375 | D:5      | Bought a scroll of magic mapping for 49 gold pieces
  4375 | D:5      | Bought a scroll of magic mapping for 49 gold pieces
  4615 | D:5      | Identified the ring "Winem" {rCorr rPois Dex+2 Stlth+} (You found it on level 5 of the Dungeon)
  4802 | D:6      | Reached skill level 5 in Armour
  4987 | D:6      | Noticed Eustachio
  5253 | D:6      | Reached **** piety under Trog
  5310 | D:6      | Killed Eustachio
  5325 | D:6      | Reached XP level 9. HP: 33/75 MP: 8/8
  5861 | D:7      | Reached skill level 11 in Long Blades
  5900 | D:7      | Found a staircase to the Ecumenical Temple.
  6034 | D:7      | Reached skill level 5 in Dodging
  6180 | D:7      | Got a faintly humming chain mail
  6181 | D:7      | Identified the +3 chain mail of the Journeyman {rN+ Int+2} (You found it on level 7 of the Dungeon)
  6228 | D:7      | Reached skill level 5 in Shields
  6468 | D:8      | Noticed a queen bee
  6487 | D:8      | Killed a queen bee
  6974 | D:8      | Reached skill level 12 in Long Blades
  7167 | D:8      | Noticed a komodo dragon
  7189 | D:8      | Killed a komodo dragon
  7189 | D:8      | Reached XP level 10. HP: 42/86 MP: 9/9
  7241 | D:8      | Found a shimmering altar of Xom.
  7474 | D:8      | Found a staircase to the Lair.
  7562 | D:8      | Found a shadowy altar of Dithmenos.
  7740 | D:9      | Found Qifissi's Book Shoppe.
  7751 | D:9      | You fall through a shaft!
  7751 | D:10     | Entered Level 10 of the Dungeon
  7779 | D:10     | Killed an unseen horror
  8272 | D:9      | Reached skill level 13 in Long Blades
  8288 | D:9      | Found Sisatoa's Armour Shop.
  8303 | D:9      | Found Weneniy's Food Shoppe.
  8754 | D:9      | Found Weoni's Jewellery Shoppe.
  8834 | D:9      | Reached ***** piety under Trog
  8977 | D:9      | Found Iqokuy's Magic Scroll Emporium.
  9320 | D:10     | Reached XP level 11. HP: 94/94 MP: 10/10
  9841 | D:11     | Noticed a brown ugly thing
  9842 | D:11     | Noticed a green ugly thing
  9862 | D:11     | Killed a white ugly thing
  9865 | D:11     | Slain by a white ugly thing

Vault maps used:
D:1:      grunt_arrival_lava_bath, serial_forest, infiniplex_forest_lined_2,
          infiniplex_forest_end_1, infiniplex_forest_clump_medium,
          infiniplex_forest_pool, infiniplex_forest_lined_2,
          infiniplex_forest_lined_2, infiniplex_forest_split
D:4:      first_bread, portal_sewer_entry_b, guppyfry_shop_venom, uniq_edmund
D:5:      serial_shops, nicolae_shop_stone, minmay_large_rounded_square,
          grunt_ministairs_7, serial_bayou_pond_e
D:6:      uniq_eustachio
D:8:      david_lair_shrubbed, basic_altar, david_nohive_1, xom_teletrap_fun
D:9:      serial_shops, nicolae_shop_crystal, shop, shop, nicolae_shop_trees,
          shop
D:11:     minmay_quarter_circles, nicolae_two_hexagons, minmay_evil_grid
Sewer:    sewer_co_cracked_pipes

Skill      XL: |  1  2  3  4  5  6  7  8  9 10 11 |
---------------+----------------------------------+-----
Long Blades    | 4 5 6 8 9 10 12 13 | 13.8
Shields        | 2 3 4 6 7 8 |  8.1
Armour         | 3 4 5 6 8 |  8.5
Fighting       | 4 6 7 8 |  8.5
Dodging        | 3 4 6 7 |  7.6

Action                   |  1- 3 |  4- 6 |  7- 9 | 10-12 || total
-------------------------+-------+-------+-------+-------++-------
Melee: Falchion          |    52 |   203 |   439 |   370 ||  1064
       Headbutt          |     8 |    33 |   121 |   121 ||   283
Invok: Berserk           |     1 |     3 |     4 |     1 ||     9
       Trog's Hand       |       |       |     2 |       ||     2
  Use: Scroll            |       |     3 |     6 |     1 ||    10
 Stab: Sleeping          |     1 |       |       |       ||     1
  Eat: Chunk             |     4 |     9 |    11 |     7 ||    31
       Beef jerky        |       |     1 |       |       ||     1
       Bread ration      |       |       |     1 |       ||     1
       Pizza             |       |       |     1 |       ||     1
Armor: Ring mail         |     8 |    51 |       |       ||    59
       Animal skin       |     1 |       |       |       ||     1
       Chain mail        |       |     1 |    17 |       ||    18
       Plate armour      |       |       |   155 |   124 ||   279
Dodge: Dodged            |    32 |    64 |    99 |    65 ||   260
Block: Shield            |       |    40 |   162 |   153 ||   355
